[Event "Titled Tuesday Blitz October 31 Early 2023"]
[White "Prestia, Paris"]
[Black "Sjugirov, Sanan"]
[WhiteFideId "30925959"]
[BlackFideId "4189302"]
[WhiteElo "2608"]
[BlackElo "2952"]
[Result "0-1"]
[Round "3"]
[TimeControl "180+1"]
[Date "2023.10.31"]
[WhiteClock "0:01:20"]
[BlackClock "0:01:35"]
[Board "51"]

1. d4 Nf6 2. Bg5 d5 3. e3 c6 4. Nd2 g6 5. Bxf6 exf6 6. Ne2 Bd6 7. g3 Nd7 8. Bg2 Nb6 9. b3 Be6 10. h4 h5 11. Nf4 Bg4 12. Bf3 Bxf3 13. Qxf3 f5 14. O-O O-O 15. c4 Bb4 16. Rfd1 Bxd2 17. Rxd2 dxc4 18. a4 cxb3 19. Rb2 Nc4 20. Rxb3 Nd2 21. Qd1 Nxb3 22. Qxb3 Qb6 23. Qc4 Kh7 24. Ra3 Rac8 25. Rb3 Qc7 26. a5 b6 27. axb6 axb6 28. Qe2 Kg8 29. Rc3 Qd6 30. Qa2 c5 31. Qb3 cxd4 32. Rd3 Rc1+ 33. Kh2 Qc6 34. Ng2 Rc3 0-1


[Site "https://www.chess.com"]

[Event "Titled Tuesday Blitz October 31 Early 2023"]
[White "Galchenko, Matvey"]
[Black "Kim, Sergey"]
[WhiteFideId "24175480"]
[BlackFideId "13700570"]
[WhiteElo "2907"]
[BlackElo "2607"]
[Result "1-0"]
[Round "3"]
[TimeControl "180+1"]
[Date "2023.10.31"]
[WhiteClock "0:00:09"]
[BlackClock "0:00:00"]
[Board "52"]

1. e4 e5 2. Nf3 Nc6 3. d4 exd4 4. Nxd4 Bc5 5. Nb3 Bb6 6. Nc3 Nf6 7. Bg5 h6 8. Bh4 d6 9. Qe2 g5 10. Bg3 Qe7 11. h4 g4 12. h5 Bd7 13. Bh4 Qe5 14. O-O-O O-O-O 15. f3 Rde8 16. Kb1 gxf3 17. gxf3 Rhg8 18. Bxf6 Qxf6 19. Nd5 Qe5 20. Qd2 Qg5 21. f4 Qg7 22. Bd3 Ne7 23. Nc3 Qf6 24. f5 Bc6 25. Qf4 Qg5 26. Qf3 Kb8 27. a4 a6 28. a5 Ba7 29. Nd2 Qg3 30. Rhf1 Qxf3 31. Nxf3 Rg4 32. f6 Ng8 33. Nd2 Re6 34. Bc4 Rxf6 35. Bxf7 Rxf1 36. Rxf1 Ne7 37. Be6 Rg1 38. Rxg1 Bxg1 39. Nf3 Be3 40. Nh4 b6 41. axb6 cxb6 42. Nf5 Nxf5 43. exf5 Bd4 44. Ne2 Bf6 45. Kc1 Kc7 46. Kd2 d5 47. Ke3 Kd6 48. c3 a5 49. Ng3 Be8 50. Kf3 b5 51. Kg4 b4 52. Ne2 bxc3 53. bxc3 a4 54. Nf4 Bc6 55. c4 d4 56. Nd3 a3 57. c5+ Kc7 58. Kf4 Bg5+ 59. Ke5 Be3 60. f6 Kd8 61. Kd6 Bb5 62. f7 Bf4+ 63. Nxf4 1-0


[Site "https://www.chess.com"]

[Event "Titled Tuesday Blitz October 31 Early 2023"]
[White "Rustemov, Alexander"]
[Black "Golubev, Mikhail"]
[WhiteFideId "4119002"]
[BlackFideId "14100983"]
[WhiteElo "2899"]
[BlackElo "2577"]
[Result "1-0"]
[Round "3"]
[TimeControl "180+1"]
[Date "2023.10.31"]
[WhiteClock "0:01:57"]
[BlackClock "0:00:04"]
[Board "53"]

1. Nf3 d6 2. d4 Nf6 3. g3 g6 4. Bg2 Bg7 5. O-O O-O 6. c4 c5 7. Nc3 Nc6 8. dxc5 dxc5 9. Bf4 Be6 10. Ne5 Nxe5 11. Bxe5 Qb6 12. Qb3 Nd7 13. Bxg7 Kxg7 14. Bxb7 Rab8 15. Bd5 Ne5 16. Qxb6 Rxb6 17. Bxe6 Rxe6 18. b3 Nc6 19. Rfd1 f5 20. e3 g5 21. Rd5 Kg6 22. Rxc5 f4 23. exf4 gxf4 24. Nd5 fxg3 25. Rxc6 gxf2+ 26. Kg2 Rxc6 27. Nxe7+ Kg5 28. Nxc6 h5 29. Rf1 h4 30. Rxf2 1-0


[Site "https://www.chess.com"]

[Event "Titled Tuesday Blitz October 31 Early 2023"]
[White "Sattarov, Bobir"]
[Black "Rosenberg, Evan S"]
[WhiteFideId "14203081"]
[BlackFideId "2019299"]
[WhiteElo "2807"]
[BlackElo "2475"]
[Result "1-0"]
[Round "3"]
[TimeControl "180+1"]
[Date "2023.10.31"]
[WhiteClock "0:00:25"]
[BlackClock "0:00:06"]
[Board "54"]

1. e4 e5 2. Nf3 Nc6 3. Nc3 Nf6 4. a3 d5 5. Bb5 Nxe4 6. Nxe5 Qg5 7. Nxc6 Qxg2 8. Rf1 bxc6 9. Bxc6+ Kd8 10. Bxa8 Bh3 11. Qe2 Bc5 12. Nxe4 dxe4 13. Bxe4 Qxh2 14. d3 Bxf1 15. Qxf1 Re8 16. Be3 Bxe3 17. fxe3 Qxc2 18. Qe2 Qc5 19. Kd2 f5 20. Bh1 Re6 21. Rc1 Qa5+ 22. Rc3 Rb6 23. Kc1 Rg6 24. Qh2 Rh6 25. Qg2 Qe5 26. Qd5+ Qxd5 27. Bxd5 Rh2 28. Rc2 Rh3 29. Re2 g5 30. Kd2 h5 31. Rf2 f4 32. exf4 g4 33. f5 g3 34. Re2 Rh4 35. f6 Rf4 36. f7 h4 37. Re8+ Kd7 38. f8=Q Rxf8 39. Rxf8 h3 40. Rg8 g2 41. Bxg2 1-0


[Site "https://www.chess.com"]

[Event "Titled Tuesday Blitz October 31 Early 2023"]
[White "Llorente Zaro, Alfonso"]
[Black "Luxama, Jacques Muller"]
[WhiteFideId "2254131"]
[BlackFideId "11900113"]
[WhiteElo "2780"]
[BlackElo "2324"]
[Result "1-0"]
[Round "3"]
[TimeControl "180+1"]
[Date "2023.10.31"]
[WhiteClock "0:00:12"]
[BlackClock "0:00:00"]
[Board "55"]

1. c4 e6 2. Nf3 d5 3. g3 Nf6 4. Bg2 Be7 5. b3 O-O 6. cxd5 exd5 7. Bb2 c6 8. O-O Bf5 9. d3 h6 10. Nbd2 Bh7 11. Re1 Bb4 12. a3 Ba5 13. Qc2 Re8 14. Nd4 Nbd7 15. b4 Bb6 16. Rad1 Rc8 17. N2b3 Ne5 18. Bh3 Rc7 19. Nc5 Nc4 20. Bc1 Bxc5 21. bxc5 Rce7 22. Bf4 Ne5 23. Nf5 Bxf5 24. Bxf5 g5 25. Bxe5 Rxe5 26. d4 R5e7 27. Rb1 Qa5 28. e3 Ne4 29. Rec1 Nd2 30. Rb4 Nc4 31. Bd3 Nxa3 32. Qa4 Qxa4 33. Rxa4 Nb5 34. Bxb5 cxb5 35. Rxa7 Rc7 36. Rb1 Rec8 37. Rxb5 Kf8 38. Raxb7 Rxb7 39. Rxb7 Ra8 40. Rb6 Kg7 41. Rd6 Ra1+ 42. Kg2 Rd1 43. Rxd5 1-0


[Site "https://www.chess.com"]

[Event "Titled Tuesday Blitz October 31 Early 2023"]
[White "sjoerd893"]
[Black "Naroditsky, Daniel"]
[BlackFideId "2026961"]
[WhiteElo "2525"]
[BlackElo "3168"]
[Result "0-1"]
[Round "3"]
[TimeControl "180+1"]
[Date "2023.10.31"]
[WhiteClock "0:00:25"]
[BlackClock "0:01:49"]
[Board "56"]

1. e4 c5 2. Nf3 d6 3. Bb5+ Nd7 4. d4 cxd4 5. Qxd4 e5 6. Qd3 a6 7. Bxd7+ Bxd7 8. Nbd2 b5 9. Nf1 h6 10. Ne3 Nf6 11. Bd2 Bc6 12. Nd5 Nxd5 13. exd5 Bb7 14. O-O-O Be7 15. g4 Rc8 16. Be3 Rc4 17. Rhg1 e4 18. Qe2 exf3 19. Qxf3 O-O 20. h4 Bxh4 21. Kb1 Bg5 22. Bd4 Bf6 23. Be3 Re8 24. Rh1 Qe7 25. b3 Qe5 26. Kc1 Rxc2+ 27. Kxc2 Qc3+ 28. Kb1 Qb2# 0-1


[Site "https://www.chess.com"]

[Event "Titled Tuesday Blitz October 31 Early 2023"]
[White "Makarian, Rudik"]
[Black "Purtseladze, Maka"]
[WhiteFideId "44105681"]
[BlackFideId "13602659"]
[WhiteElo "3037"]
[BlackElo "2524"]
[Result "1-0"]
[Round "3"]
[TimeControl "180+1"]
[Date "2023.10.31"]
[WhiteClock "0:00:55"]
[BlackClock "0:00:00"]
[Board "57"]

1. d4 Nf6 2. c4 Nc6 3. Nf3 e6 4. g3 Bb4+ 5. Bd2 a5 6. Bg2 d6 7. O-O Bxd2 8. Qxd2 e5 9. Nc3 O-O 10. d5 Ne7 11. Ne1 Nd7 12. Nd3 b6 13. a3 Nc5 14. Nxc5 bxc5 15. b4 axb4 16. axb4 Rxa1 17. Rxa1 cxb4 18. Nb5 Bd7 19. Qxb4 Qb8 20. e4 Qb6 21. Qa5 Qxa5 22. Rxa5 Rc8 23. Bf1 Bxb5 24. Rxb5 g6 25. c5 Kg7 26. c6 Kf8 27. Rb7 Ke8 28. Ra7 Kd8 29. Ba6 Rb8 30. Bb7 f5 31. f3 Ng8 32. Kf2 Nf6 33. Ke3 fxe4 34. fxe4 Ng4+ 35. Ke2 Nxh2 36. Kf2 Ng4+ 37. Kf3 h5 38. Ke2 Nf6 39. Ke3 Ke7 40. Ra1 Rf8 41. Ra7 Ng4+ 42. Kd3 Rf3+ 43. Kc4 Ne3+ 44. Kb5 Rf7 45. Bc8 Kd8 46. Be6 Rg7 47. Ra8+ Ke7 48. Ka6 Nc4 49. Kb7 Nb6 50. Rh8 Nc4 51. Kxc7 Nd2 52. Kb6 Kf6 53. Rf8+ Kg5 54. Rf7 Rg8 55. c7 Rh8 56. Rg7 1-0


[Site "https://www.chess.com"]

[Event "Titled Tuesday Blitz October 31 Early 2023"]
[White "Elsa167"]
[Black "Ekdyshman, Mikhail"]
[BlackFideId "4149416"]
[WhiteElo "2987"]
[BlackElo "2523"]
[Result "1-0"]
[Round "3"]
[TimeControl "180+1"]
[Date "2023.10.31"]
[WhiteClock "0:00:14"]
[BlackClock "0:00:00"]
[Board "58"]

1. d4 Nf6 2. c4 c5 3. d5 b5 4. cxb5 a6 5. bxa6 Bxa6 6. Nc3 d6 7. e4 Bxf1 8. Kxf1 Qc8 9. Nf3 g6 10. h3 Bg7 11. g3 O-O 12. Kg2 Nbd7 13. Re1 Ne8 14. Bf4 Qb7 15. Qd2 Nc7 16. e5 dxe5 17. Nxe5 Nxe5 18. Bxe5 Bxe5 19. Rxe5 e6 20. Kh2 Rad8 21. d6 Nb5 22. Nxb5 Qxb5 23. Rc1 Qb6 24. d7 Qb7 25. Rd1 Qc6 26. b3 f6 27. Re3 Rf7 28. Rd3 c4 29. Rd6 Qf3 30. Qe3 Qxe3 31. fxe3 cxb3 32. axb3 Kf8 33. Rxe6 Rfxd7 34. Rxd7 Rxd7 35. Rxf6+ Ke7 36. Rb6 Rd2+ 37. Kg1 Re2 38. b4 Rxe3 39. Kf2 Rb3 40. h4 Kf7 41. Rb7+ Kf6 42. Rb5 h6 43. g4 g5 44. h5 Kg7 45. Rb6 Kh7 46. Rb7+ Kg8 47. b5 Rb4 48. b6 Rxg4 49. Rc7 Rf4+ 50. Kg3 Rb4 51. b7 1-0


[Site "https://www.chess.com"]

[Event "Titled Tuesday Blitz October 31 Early 2023"]
[White "Daneshvar, Bardiya"]
[Black "vishwa_vijeta"]
[WhiteFideId "12576468"]
[WhiteElo "2943"]
[BlackElo "2519"]
[Result "1-0"]
[Round "3"]
[TimeControl "180+1"]
[Date "2023.10.31"]
[WhiteClock "0:01:00"]
[BlackClock "0:00:06"]
[Board "59"]

1. Nf3 c5 2. g3 g6 3. Bg2 Bg7 4. O-O Nc6 5. c3 e5 6. d3 d5 7. e4 dxe4 8. dxe4 Qxd1 9. Rxd1 Nge7 10. a4 b6 11. Na3 O-O 12. Nb5 h6 13. Be3 Rb8 14. Nd2 Be6 15. Bf1 Rfd8 16. f3 Kh7 17. Nc7 Bc8 18. Nc4 Rd7 19. Ne8 Rxd1 20. Rxd1 Bh8 21. Ncd6 Be6 22. Nc7 Bb3 23. Ra1 Rd8 24. Bc4 Bxc4 25. Nxc4 Bg7 26. Kf1 h5 27. Ke2 Bh6 28. Bf2 Kg7 29. Nb5 Nc8 30. Nc7 Nd6 31. Nxd6 Rxd6 32. Nd5 Kf8 33. Kd3 Ne7 34. Kc4 Nc6 35. b4 cxb4 36. cxb4 Ne7 37. a5 f5 38. axb6 axb6 39. Ra8+ Kf7 40. Ra7 Bf8 41. Bxb6 Ke8 42. Bc5 Nxd5 43. Bxd6 Nb6+ 44. Kc5 Nc8 45. Ra8 Bxd6+ 46. Kc6 Kd8 47. Rxc8+ Kxc8 48. Kxd6 f4 49. gxf4 exf4 50. Ke5 g5 51. Kf5 1-0


[Site "https://www.chess.com"]

[Event "Titled Tuesday Blitz October 31 Early 2023"]
[White "Mikaelyan, Arman"]
[Black "Estrada Nieto, Julian"]
[WhiteFideId "13304852"]
[BlackFideId "5101018"]
[WhiteElo "2907"]
[BlackElo "2518"]
[Result "1-0"]
[Round "3"]
[TimeControl "180+1"]
[Date "2023.10.31"]
[WhiteClock "0:01:22"]
[BlackClock "0:01:23"]
[Board "60"]

1. d4 d5 2. Nf3 Nf6 3. c4 dxc4 4. e3 e6 5. Bxc4 a6 6. O-O c5 7. b3 Nc6 8. Bb2 cxd4 9. Nxd4 Bd7 10. Nf3 Be7 11. Nbd2 O-O 12. Be2 Nd5 13. Rc1 Bf6 14. Bxf6 Qxf6 15. Ne4 Qb2 16. Nc5 Bc8 17. Rc2 Qa3 18. Qa1 Ncb4 19. Rd2 b6 20. Ne4 Rd8 21. Ne5 Bb7 22. Nc4 1-0


[Site "https://www.chess.com"]

[Event "Titled Tuesday Blitz October 31 Early 2023"]
[White "Lehtosaari, Mauri"]
[Black "Mahdavi, Reza"]
[WhiteFideId "501999"]
[BlackFideId "12595926"]
[WhiteElo "2514"]
[BlackElo "2907"]
[Result "0-1"]
[Round "3"]
[TimeControl "180+1"]
[Date "2023.10.31"]
[WhiteClock "0:00:03"]
[BlackClock "0:00:34"]
[Board "61"]

1. d4 Nf6 2. Nf3 d5 3. Bg5 c5 4. e3 Nc6 5. c3 Qb6 6. Qb3 c4 7. Qxb6 axb6 8. Nfd2 Bf5 9. Be2 e6 10. Bf3 Bg6 11. Bxf6 gxf6 12. e4 Ra5 13. O-O Ne7 14. Re1 Kd7 15. Na3 Bh6 16. Nf1 Rha8 17. exd5 exd5 18. Ne3 Bd3 19. h3 Kd6 20. Rad1 Rxa3 21. bxa3 Rxa3 22. Rb1 Bxb1 23. Rxb1 Bxe3 24. fxe3 Kc7 25. e4 Rxc3 26. exd5 Nc8 27. Rf1 Nd6 28. Bg4 Rd3 29. Rxf6 Rxd4 30. Bh5 c3 31. Rf2 b5 32. a3 Rxd5 33. Rc2 Rxh5 34. Rxc3+ Kb6 35. Rb3 Rh4 36. Rd3 Kc6 37. Rc3+ Rc4 38. Rg3 b4 0-1


[Site "https://www.chess.com"]

[Event "Titled Tuesday Blitz October 31 Early 2023"]
[White "Erdogmus, Yagiz Kaan"]
[Black "Reprintsev, Alexander"]
[WhiteFideId "44599790"]
[BlackFideId "14100541"]
[WhiteElo "2901"]
[BlackElo "2514"]
[Result "1-0"]
[Round "3"]
[TimeControl "180+1"]
[Date "2023.10.31"]
[WhiteClock "0:01:17"]
[BlackClock "0:01:27"]
[Board "62"]

1. d4 d5 2. c4 e5 3. dxe5 d4 4. Nf3 Nc6 5. g3 Nge7 6. Nbd2 Ng6 7. Nb3 Ngxe5 8. Nxe5 Nxe5 9. Nxd4 Bb4+ 10. Bd2 Qxd4 11. Bxb4 Qe4 12. Qd5 Nf3+ 13. Kd1 Qxd5+ 14. cxd5 Nd4 15. Bc3 Nf5 16. e4 Nd6 17. f3 f6 18. Bd3 c6 19. dxc6 bxc6 20. Bb4 Nf7 21. Rc1 Bd7 22. Kc2 Ne5 23. Be2 Be6 24. f4 Nd7 25. b3 c5 26. Ba3 Kf7 27. f5 1-0


[Site "https://www.chess.com"]

[Event "Titled Tuesday Blitz October 31 Early 2023"]
[White "subham777"]
[Black "Henriquez Villagra, Cristobal"]
[BlackFideId "3409350"]
[WhiteElo "2513"]
[BlackElo "2889"]
[Result "0-1"]
[Round "3"]
[TimeControl "180+1"]
[Date "2023.10.31"]
[WhiteClock "0:00:00"]
[BlackClock "0:01:01"]
[Board "63"]

1. e4 d6 2. g3 g6 3. Bg2 Bg7 4. Ne2 f5 5. exf5 gxf5 6. O-O Nf6 7. d4 c6 8. Nf4 O-O 9. Nh5 Nxh5 10. Qxh5 Bxd4 11. Nc3 Qe8 12. Qd1 Bg7 13. Re1 Nd7 14. Bg5 Nf6 15. Qd2 Qf7 16. Re2 Bd7 17. Rae1 Rae8 18. Nd1 Kh8 19. b3 a6 20. Nb2 Ne4 21. Bxe4 fxe4 22. Nc4 d5 23. Ne3 h6 24. Bh4 Bh3 25. f4 exf3 26. Rf2 e5 27. g4 e4 28. Nf5 Re6 29. Bg3 Bxg4 30. Nd6 Qg6 31. Nxb7 d4 32. Nc5 e3 33. Nxe6 Qxe6 0-1


[Site "https://www.chess.com"]

[Event "Titled Tuesday Blitz October 31 Early 2023"]
[White "Aash20"]
[Black "Kovalev, Vladislav"]
[BlackFideId "13504398"]
[WhiteElo "2511"]
[BlackElo "2867"]
[Result "0-1"]
[Round "3"]
[TimeControl "180+1"]
[Date "2023.10.31"]
[WhiteClock "0:01:15"]
[BlackClock "0:02:17"]
[Board "64"]

1. e4 e5 2. Nf3 Nc6 3. Bc4 Nf6 4. d3 Bc5 5. c3 d6 6. h3 a6 7. Bb3 h6 8. O-O Ba7 9. Nbd2 g5 10. Nh2 h5 11. Kh1 Rg8 12. Nc4 Be6 13. Ne3 g4 14. h4 d5 15. exd5 Nxd5 16. Nxd5 Bxd5 17. Bxd5 Qxd5 18. Qb3 O-O-O 19. Qxd5 Rxd5 20. d4 exd4 21. cxd4 Bxd4 22. g3 Re8 23. Bf4 Bxb2 24. Rad1 Rxd1 25. Rxd1 Re2 26. Kg2 Bd4 27. Rd2 Rxd2 28. Bxd2 Kd7 29. Nf1 Ne5 30. Bf4 Nc4 31. Bc1 f5 32. f3 Ke6 33. fxg4 fxg4 34. Bf4 c5 0-1


[Site "https://www.chess.com"]

[Event "Titled Tuesday Blitz October 31 Early 2023"]
[White "Alinasab, Mobina"]
[Black "Lobanov, Sergei"]
[WhiteFideId "12528897"]
[BlackFideId "24183750"]
[WhiteElo "2510"]
[BlackElo "2840"]
[Result "1-0"]
[Round "3"]
[TimeControl "180+1"]
[Date "2023.10.31"]
[WhiteClock "0:00:06"]
[BlackClock "0:00:00"]
[Board "65"]

1. e4 e5 2. Bc4 Nf6 3. Nc3 Nc6 4. d3 Bb4 5. Ne2 d5 6. exd5 Nxd5 7. O-O Be6 8. Bxd5 Bxd5 9. f4 O-O 10. Nxd5 Qxd5 11. f5 e4 12. d4 Be7 13. Be3 Bf6 14. c3 Rfe8 15. Ng3 Be7 16. Qg4 Bf8 17. Nh5 Kh8 18. Bh6 g6 19. fxg6 fxg6 20. Nf6 Qe6 21. Qh4 Bxh6 22. Qxh6 Re7 23. d5 Qe5 24. dxc6 bxc6 25. Nxh7 Qg7 26. Qxg7+ Kxg7 27. Ng5 e3 28. Rae1 Rd8 29. Re2 Rd2 30. Rfe1 Red7 31. h3 Rxe2 32. Rxe2 Rd1+ 33. Kh2 Rd2 34. Re1 e2 35. Nf3 Rxb2 36. Nd4 c5 37. Nxe2 Rxa2 38. Nf4 Kf6 39. Nd5+ Kf5 40. Nxc7 a5 41. Na6 c4 42. Rd1 Ra3 43. Rd5+ Ke6 44. Rc5 Rxc3 45. Rxa5 Rc1 46. Rg5 Kf6 47. Rc5 c3 48. Nb4 Ke6 49. Rc6+ Kd7 50. Rxg6 Rb1 51. Nd3 Rd1 52. Rg3 c2 53. h4 Ke8 54. Re3+ Kf8 55. Rf3+ Kg8 56. Rf2 Rxd3 57. Rxc2 Kh7 58. g3 Kg6 59. Kh3 Kh5 60. Rc5+ Kh6 61. Rb5 Kg6 62. Ra5 Kh6 63. Rf5 Rc3 64. Kg4 Rc4+ 65. Rf4 Rc5 66. Re4 Rc6 67. Kf4 Rf6+ 68. Kg4 Ra6 69. Rf4 Rg6+ 70. Kf3 Ra6 71. g4 Ra3+ 72. Ke4 Ra4+ 73. Kf5 Ra5+ 74. Ke6 Ra6+ 75. Kf7 Ra7+ 76. Kg8 Rg7+ 77. Kf8 Ra7 78. Rf6+ Kh7 79. g5 Kh8 80. Rh6+ 1-0


[Site "https://www.chess.com"]

[Event "Titled Tuesday Blitz October 31 Early 2023"]
[White "Ashraf, Artin"]
[Black "Kubicka, Anna"]
[WhiteFideId "22514805"]
[BlackFideId "1152254"]
[WhiteElo "2830"]
[BlackElo "2508"]
[Result "1-0"]
[Round "3"]
[TimeControl "180+1"]
[Date "2023.10.31"]
[WhiteClock "0:01:32"]
[BlackClock "0:00:03"]
[Board "66"]

1. d4 Nf6 2. e3 d5 3. Nf3 e6 4. c4 Be7 5. Nc3 O-O 6. Bd3 dxc4 7. Bxc4 a6 8. a4 c5 9. O-O Qc7 10. Qe2 cxd4 11. exd4 Nbd7 12. Bg5 Nb6 13. Bd3 Nfd5 14. Qe4 g6 15. Bxe7 Qxe7 16. a5 Nf6 17. Qh4 Nbd5 18. Nxd5 Nxd5 19. Qh6 Qf6 20. Ne5 Rd8 21. Be4 Qf4 22. Qxf4 Nxf4 23. Rfd1 f6 24. Nc4 Rb8 25. Nb6 Bd7 26. g3 Ne2+ 27. Kg2 Bb5 28. d5 exd5 29. Nxd5 Kg7 30. Bf3 Rd6 31. Rd2 Rbd8 32. Rad1 f5 33. b4 Bc4 34. Bxe2 Bxe2 35. Rxe2 Rxd5 36. Rxd5 Rxd5 37. Re7+ Kf6 38. Rxb7 h5 39. Rb6+ Kg5 40. h4+ Kh6 41. Rxa6 Rb5 42. Rb6 Re5 43. a6 Re2 44. b5 Ra2 45. Rb7 Ra3 46. a7 f4 47. b6 f3+ 48. Kh2 Ra2 49. Rf7 Rxf2+ 50. Kg1 Rg2+ 51. Kf1 Ra2 52. Rxf3 g5 53. Rf6+ Kg7 54. hxg5 1-0


[Site "https://www.chess.com"]

[Event "Titled Tuesday Blitz October 31 Early 2023"]
[White "Iljin, Timofey"]
[Black "Molina, Roberto Junio Brito"]
[WhiteFideId "14110180"]
[BlackFideId "2109450"]
[WhiteElo "2501"]
[BlackElo "2812"]
[Result "0-1"]
[Round "3"]
[TimeControl "180+1"]
[Date "2023.10.31"]
[WhiteClock "0:02:08"]
[BlackClock "0:01:13"]
[Board "67"]

1. e4 c6 2. d4 d5 3. e5 Bf5 4. h4 Qb6 5. Bd3 Bxd3 6. Qxd3 e6 7. Nf3 c5 8. c3 Qa6 9. Qc2 Nc6 10. Be3 cxd4 11. cxd4 Rc8 12. Qe2 Bb4+ 13. Nbd2 Qxe2+ 14. Kxe2 Nge7 15. g4 h5 16. g5 g6 17. Nb3 Nf5 18. a3 Be7 19. Rac1 Kd7 20. Rc3 Rc7 21. Rhc1 Rhc8 22. Nbd2 Na5 23. Rxc7+ Rxc7 24. Rxc7+ Kxc7 25. b4 Nc4 26. Nxc4 dxc4 27. Kd2 b5 28. Kc3 a6 29. Bf4 Kc6 30. a4 Bd8 31. axb5+ axb5 32. Nd2 Bb6 33. Nf3 Kd5 34. Be3 Ba7 35. Nd2 Nxh4 36. f3 Nf5 37. Bf2 Bxd4+ 38. Bxd4 Nxd4 39. Ne4 Nxf3 40. Nf6+ Kxe5 41. Nd7+ Kd6 42. Nf6 Nxg5 43. Kd4 e5+ 44. Ke3 Ke6 45. Ne8 Kd7 46. Nf6+ Kc6 47. Ne8 f5 48. Nf6 f4+ 49. Kf2 e4 50. Ng8 Kd6 51. Nf6 e3+ 52. Kf1 h4 53. Kg2 c3 54. Ne8+ Kd5 55. Nf6+ Kc4 56. Nd7 Kxb4 57. Ne5 c2 58. Nd3+ Kc3 59. Ne1 c1=Q 60. Kg1 Qxe1+ 61. Kh2 Qg3+ 62. Kh1 Qg4 63. Kh2 Kc4 64. Kh1 Kd4 65. Kh2 Kd5 66. Kh1 Ke5 67. Kh2 Ke6 68. Kh1 Kf6 69. Kh2 Kf7 70. Kh1 Ke7 71. Kh2 Ke8 72. Kh1 Kd7 73. Kh2 Kd8 74. Kh1 Kc7 75. Kh2 Kc8 76. Kh1 Kb7 77. Kh2 Kb8 78. Kh1 Ka7 79. Kh2 Ka8 80. Kh1 Kb7 81. Kh2 Ka6 82. Kh1 Ka5 83. Kh2 Ka4 84. Kh1 Ka3 85. Kh2 Ka2 86. Kh1 b4 87. Kh2 Ka3 88. Kh1 Ka4 89. Kh2 Ka5 90. Kh1 Kb5 91. Kh2 Kb6 92. Kh1 Ka6 93. Kh2 Ka7 94. Kh1 Ka8 95. Kh2 Kb7 96. Kh1 Kb8 97. Kh2 Kc7 98. Kh1 Kc8 99. Kh2 Kd7 100. Kh1 Kd8 101. Kh2 Ke7 102. Kh1 Ke8 103. Kh2 Kf7 104. Kh1 Kf8 105. Kh2 Kg7 106. Kh1 Kg8 107. Kh2 Kh7 108. Kh1 Kh6 109. Kh2 Nh7 110. Kh1 Kg7 111. Kh2 Kg8 112. Kh1 Kf7 113. Kh2 Kf8 114. Kh1 Ke7 115. Kh2 Ke8 116. Kh1 Kd7 117. Kh2 Kd8 118. Kh1 g5 119. Kh2 Kc7 120. Kh1 Kc8 121. Kh2 Kb7 122. Kh1 Kb8 123. Kh2 Ka7 124. Kh1 Ka8 125. Kh2 Kb7 126. Kh1 Ka6 127. Kh2 Kb6 128. Kh1 Kb5 129. Kh2 Ka5 130. Kh1 Ka4 131. Kh2 Ka3 132. Kh1 Ka2 133. Kh2 Kb2 134. Kh1 Kc1 135. Kh2 b3 136. Kh1 Kc2 137. Kh2 Kd3 138. Kh1 Kd4 139. Kh2 Ke4 140. Kh1 Ke5 141. Kh2 Kf5 142. Kh1 Kf6 143. Kh2 Kg6 144. Kh1 Kg7 145. Kh2 Kg8 146. Kh1 Kf7 147. Kh2 Kf8 148. Kh1 Ke7 149. Kh2 Ke8 150. Kh1 Kd7 151. Kh2 Kd8 152. Kh1 Kc7 153. Kh2 Kc8 154. Kh1 Kb7 155. Kh2 Kb8 156. Kh1 Ka8 157. Kh2 b2 158. Kh1 Ka7 159. Kh2 Kb6 160. Kh1 Ka6 161. Kh2 Ka5 162. Kh1 Kb5 163. Kh2 Ka4 164. Kh1 Kb4 165. Kh2 Ka3 166. Kh1 Kb3 167. Kh2 Kc3 168. Kh1 Kc2 169. Kh2 Kd2 170. Kh1 Kd3 171. Kh2 Ke4 172. Kh1 Kf5 173. Kh2 Kg6 174. Kh1 Kg7 175. Kh2 Kg8 176. Kh1 Kf8 177. Kh2 Ke7 178. Kh1 Kd6 179. Kh2 Kc5 180. Kh1 Kb4 181. Kh2 Kc3 182. Kh1 Kd2 183. Kh2 Nf6 184. Kh1 Nd7 185. Kh2 Nc5 186. Kh1 Nb7 187. Kh2 Na5 188. Kh1 Nc4 189. Kh2 Nd6 190. Kh1 f3 191. Kh2 Nf7 192. Kh1 Kd3 193. Kh2 Ke4 194. Kh1 Kf5 195. Kh2 Kg6 196. Kh1 Kg7 197. Kh2 Nd6 198. Kh1 Kf8 199. Kh2 Ke7 200. Kh1 Qg2# 0-1


[Site "https://www.chess.com"]

[Event "Titled Tuesday Blitz October 31 Early 2023"]
[White "Pinero Rodriguez, Carlos Jose"]
[Black "Alexandre, Anne Shopie Elizabeth"]
[WhiteFideId "3901726"]
[BlackFideId "11902418"]
[WhiteElo "2501"]
[BlackElo "2809"]
[Result "0-1"]
[Round "3"]
[TimeControl "180+1"]
[Date "2023.10.31"]
[WhiteClock "0:00:29"]
[BlackClock "0:00:18"]
[Board "68"]

1. e4 e5 2. Nf3 Nc6 3. Bb5 a6 4. Ba4 Nf6 5. d3 d6 6. c3 g6 7. h3 Bg7 8. O-O O-O 9. Re1 Nh5 10. Nbd2 Nf4 11. Nf1 b5 12. Bb3 Na5 13. Bc2 c5 14. d4 Nc6 15. Be3 Qe7 16. Ng3 Rd8 17. d5 Nb8 18. Qd2 Qf6 19. Nh2 Nd7 20. Ne2 g5 21. a4 Rb8 22. axb5 axb5 23. Ra7 Nf8 24. Ng3 Rd7 25. Rea1 N8g6 26. Nf5 h5 27. Ra8 Rdb7 28. Qd1 Bd7 29. Qf1 Ne7 30. g3 Nxf5 31. gxf4 exf4 32. exf5 fxe3 33. fxe3 Qe5 34. Qf3 b4 35. Rf1 Rxa8 36. f6 g4 37. hxg4 hxg4 38. Nxg4 Qg5 39. Bf5 Bxf5 40. Qxf5 Qxf5 41. Rxf5 bxc3 42. Rg5 cxb2 43. Rxg7+ Kh8 0-1


[Site "https://www.chess.com"]

[Event "Titled Tuesday Blitz October 31 Early 2023"]
[White "Arutla, Aditya"]
[Black "Badmatsyrenov, Oleg"]
[WhiteFideId "30961998"]
[BlackFideId "24115762"]
[WhiteElo "2501"]
[BlackElo "2783"]
[Result "0-1"]
[Round "3"]
[TimeControl "180+1"]
[Date "2023.10.31"]
[WhiteClock "0:00:27"]
[BlackClock "0:01:54"]
[Board "69"]

1. d4 Nf6 2. Bf4 c5 3. d5 b5 4. e4 Nxe4 5. Qf3 Nf6 6. Bxb5 Bb7 7. Nc3 g6 8. O-O-O Bg7 9. Nge2 O-O 10. Qd3 d6 11. f3 a6 12. Bc4 Nbd7 13. g4 Nb6 14. h4 h5 15. gxh5 Nxh5 16. Bg5 Rb8 17. Nf4 Nxf4 18. Bxf4 Bc8 19. h5 Bf5 20. Qe2 Nxc4 21. Qxc4 Rb4 22. Qxa6 Rxf4 23. hxg6 fxg6 24. Rde1 Rxf3 25. Qb7 Rf7 26. Nb5 Rf2 27. Na3 e5 28. dxe6 Rxb7 0-1


[Site "https://www.chess.com"]

[Event "Titled Tuesday Blitz October 31 Early 2023"]
[White "Kalogeris, Ioannis"]
[Black "Golizadeh, Asghar"]
[WhiteFideId "4239563"]
[BlackFideId "12505269"]
[WhiteElo "2500"]
[BlackElo "2783"]
[Result "0-1"]
[Round "3"]
[TimeControl "180+1"]
[Date "2023.10.31"]
[WhiteClock "0:00:16"]
[BlackClock "0:00:16"]
[Board "70"]

1. e4 c5 2. Nf3 g6 3. d4 cxd4 4. Nxd4 Nc6 5. Nxc6 bxc6 6. Qd4 Nf6 7. e5 Nd5 8. e6 f6 9. exd7+ Bxd7 10. Be2 e5 11. Qc4 Bg7 12. O-O Nb6 13. Qc5 Qe7 14. Qxe7+ Kxe7 15. Be3 Rhd8 16. c4 Be6 17. b3 Kf7 18. Bf3 e4 19. Bxe4 f5 20. Bxc6 Bxa1 21. Bxa8 Rxa8 22. Na3 Be5 23. Nb5 a6 24. Nd4 Nd7 25. Nc6 Bf6 26. f4 Rc8 27. Na5 Bc3 28. Nb7 Rb8 29. Nd6+ Ke7 30. c5 Bb4 31. Rc1 Bxc5 32. Rxc5 Nxc5 33. Bxc5 Kd7 34. Kf2 a5 35. Ke3 a4 36. bxa4 Ra8 37. a3 Rxa4 38. Kd3 Kc6 39. Bb4 Rxb4 40. axb4 Kxd6 41. Kd4 Bd5 42. g3 Be4 43. Kc4 h5 44. h4 Kc6 45. Kd4 Kd6 46. b5 Bb7 47. Kc4 Bd5+ 48. Kd4 Be6 49. b6 Bd5 0-1


[Site "https://www.chess.com"]

[Event "Titled Tuesday Blitz October 31 Early 2023"]
[White "Mindlin, Alon"]
[Black "Bilan, Danila"]
[WhiteFideId "2800071"]
[BlackFideId "24161918"]
[WhiteElo "2774"]
[BlackElo "2489"]
[Result "1-0"]
[Round "3"]
[TimeControl "180+1"]
[Date "2023.10.31"]
[WhiteClock "0:01:47"]
[BlackClock "0:00:04"]
[Board "71"]

1. e4 c6 2. c4 d5 3. cxd5 cxd5 4. exd5 a6 5. Nc3 Nf6 6. d4 Nxd5 7. Bd3 Nc6 8. Nf3 g6 9. Qb3 Nxc3 10. bxc3 Bg7 11. h4 O-O 12. h5 Be6 13. Qxb7 Bd5 14. Qb1 e5 15. hxg6 hxg6 16. Ng5 Rb8 17. Qc2 exd4 18. O-O dxc3 19. Bxg6 fxg6 20. Qxg6 Rf6 21. Qh7+ Kf8 22. Ba3+ Nb4 23. Rfe1 a5 24. Rad1 c2 25. Qxc2 Rc8 26. Nh7+ Kg8 27. Nxf6+ Bxf6 28. Qg6+ Bg7 29. Bxb4 axb4 30. Re5 Qf6 31. Qxf6 Bxf6 32. Rexd5 Bd4 33. R5xd4 1-0


[Site "https://www.chess.com"]